Map: Ultralove

Players

GuMiho

  • Race: Terran Terran
  • Spawn Location: 7:00

Bunny - Winner!

  • Race: Terran Terran
  • Spawn Location: 1:00

VOD

Have the link to the VOD?

Description

Time

  • Played on: May 29, 2025, 4:50 a.m.
  • Length: 8:17
Show
View Real Time Build Order
Export as new Build Order

GuMiho Terran 

Build Orders: Gas First Reaper Expand, Mech 

Get SALT Encoding   

  12  0:00  SCV  
  13  0:12  SCV  
  14  0:16  Supply Depot  
  14  0:24  SCV  
  14  0:27  Refinery  
  15  0:38  SCV  
  16  0:44  Barracks  
  16  0:50  SCV  
  17  1:02  SCV  
  18  1:14  SCV  
  19  1:30  Orbital Command  
  19  1:31  Reaper  
  20  1:44  Command Center  
  20  1:54  Factory  
  20  1:57  SCV  
  21  2:04  Reaper  
  21  2:08  Supply Depot  
  22  2:13  Refinery  
  22  2:15  SCV  
  23  2:29  SCV  
  23  2:38  Hellion  
  23  2:39  Barracks Tech Lab  
  23  2:41  SCV  
  26  2:53  SCV  
  26  2:54  Starport  
  26  2:56  Orbital Command  
  26  3:06  SCV  
  26  3:12  Barracks Tech Lab  
  27  3:13  Cyclone  
  27  3:18  SCV  
  31  3:22  SCV  
  32  3:30  SCV  
  30  3:34  SCV  
  31  3:42  Banshee, SCV  
  31  3:43  Refinery  
  31  3:46  Supply Depot, SCV  
  31  3:47  Cyclone  
  39  3:54  SCV  
  40  3:58  SCV  
  39  4:06  SCV  
  40  4:10  SCV  
  40  4:12  Command Center  
  41  4:18  SCV  
  41  4:21  Siege Tank  
  41  4:22  SCV  
  46  4:26  Factory  
  46  4:30  SCV  
  47  4:34  SCV  
  47  4:35  Starport Reactor  
  47  4:36  Refinery  
  48  4:42  SCV  
  48  4:43  Supply Depot  
  49  4:47  SCV  
  49  4:50  Engineering Bay  
  50  4:54  SCV, Siege Tank  
  54  5:05  SCV  
  54  5:07  Barracks Reactor  
  55  5:08  SCV  
  55  5:10  Supply Depot  
  55  5:11  Factory  
  56  5:17  Viking, SCV  
  56  5:20  SCV  
  60  5:21  Viking  
  60  5:26  Orbital Command  
  62  5:30  SCV  
  62  5:33  SCV  
  64  5:37  Siege Tank  
  64  5:39  Siege Tank  
  70  5:44  Supply Depot, SCV  
  70  5:45  SCV  
  72  5:54  Orbital Command  
  72  5:56  SCV  
  73  6:00  Viking, SCV  
  73  6:01  Viking  
  78  6:07  Supply Depot  
  78  6:08  SCV  
  78  6:10  Siege Tank  
  82  6:13  SCV  
  82  6:16  Siege Tank  
  88  6:20  SCV  
  87  6:28  Command Center  
  87  6:29  SCV x2  
  87  6:32  SCV  
  90  6:33  Refinery  
  90  6:43  Siege Tank  
  90  6:44  Hellion  
  90  6:46  SCV  
  90  6:47  SCV  
  90  6:49  Siege Tank  
  90  6:51  Viking  
  96  6:54  Refinery  
  96  6:55  SCV  
  96  6:58  Supply Depot  
  96  7:00  SCV  
  96  7:01  SCV  
  99  7:08  Viking  
  101  7:14  Supply Depot  
  101  7:16  SCV  
  101  7:17  Supply Depot  
  101  7:19  Siege Tank  
  101  7:21  Viking  
  78  7:32  Siege Tank  
  78  7:33  Hellion x2  
  75  7:37  SCV x2  
  75  7:43  Viking  
  72  7:49  SCV  
  76  7:54  Hellion  
  71  8:02  SCV x2  
Show
View Real Time Build Order
Export as new Build Order

Bunny Terran - Winner!

Build Orders: Mech 

Get SALT Encoding   

  12  0:00  SCV  
  13  0:12  SCV  
  14  0:16  Supply Depot  
  14  0:24  SCV  
  15  0:38  SCV  
  15  0:39  Barracks  
  15  0:42  Refinery  
  16  0:50  SCV  
  16  0:52  Refinery  
  17  1:02  SCV  
  18  1:14  SCV  
  19  1:26  Reaper, Orbital Command  
  19  1:29  Supply Depot  
  20  1:39  Factory  
  20  1:52  SCV  
  21  1:58  Reaper  
  22  2:04  SCV  
  23  2:14  Command Center  
  23  2:16  SCV  
  24  2:23  Hellion  
  24  2:28  SCV  
  27  2:30  Reaper  
  27  2:36  Supply Depot  
  28  2:40  SCV  
  29  2:45  Hellion  
  29  2:50  Starport  
  31  2:58  SCV  
  31  3:05  Barracks Reactor  
  31  3:06  Factory Tech Lab  
  31  3:10  SCV  
  31  3:23  SCV  
  31  3:26  Cyclone  
  35  3:28  Refinery  
  33  3:34  Starport Tech Lab  
  33  3:35  SCV  
  34  3:41  Marine x2  
  34  3:46  Orbital Command  
  34  3:47  SCV  
  37  3:52  Raven  
  37  3:53  Interference Matrix  
  39  3:59  SCV  
  40  4:04  Marine x2, Cyclone  
  40  4:07  Refinery  
  45  4:11  SCV x2  
  45  4:12  Supply Depot  
  47  4:22  Marine x2  
  47  4:23  SCV  
  47  4:24  SCV  
  51  4:27  Raven  
  53  4:36  Supply Depot, SCV x2  
  53  4:37  Siege Tank  
  58  4:44  Supply Depot  
  58  4:45  Marine x2  
  57  4:48  SCV x2  
  61  5:00  SCV x2  
  61  5:06  Factory  
  63  5:07  Factory  
  63  5:11  Siege Tank  
  63  5:12  SCV  
  63  5:13  SCV  
  68  5:17  Viking  
  68  5:19  Barracks Reactor  
  70  5:25  SCV x2  
  70  5:27  Supply Depot  
  72  5:30  Supply Depot  
  72  5:37  SCV x2  
  72  5:42  Supply Depot  
  74  5:49  Cyclone  
  77  5:50  Mag-Field Accelerator, Cyclone  
  77  5:51  Hellion  
  77  5:53  Hellion  
  81  6:00  SCV x2  
  81  6:03  Viking  
  85  6:04  Viking  
  85  6:08  Supply Depot  
  87  6:12  Hellion  
  87  6:15  Hellion  
  91  6:22  Cyclone x2  
  97  6:33  Supply Depot, Viking  
  97  6:34  Viking  
  97  6:37  Hellion  
  99  6:51  Hellion  
  99  6:54  Supply Depot, Cyclone  
  104  6:57  SCV x2  
  104  6:58  Hellion  
  104  7:00  Cyclone  
  111  7:06  Viking  
  113  7:09  Supply Depot  
  113  7:13  Viking  
  115  7:19  Hellion  
  115  7:20  Hellion  
  117  7:26  Cyclone  
  112  7:32  Cyclone  
  102  7:41  Viking  
  96  7:55  Command Center  
  96  7:56  SCV x2  
Tags
 
Composition
MechMech
Matchup
TvT
Race
Terran
Spawn Locations
Cross Positions
Add a new tag
Caveats
  • Supply blocks, unpowered buildings, or Contaminate may cause inaccurate times.
  • Supply counts are checked every 10 seconds.